AoeStats
← Spartano187

Nomad

510691492Analyzed
2v2 RM · 10h ago on Oct 2, 2026· 32m 54s· 4 players
Game mode
Random Map
Map size
176×176
Population
200
Speed
Normal
Resources
Standard
Victory
Conquest
Starting age
Dark Age
Ending age
Imperial Age
RankedLock teamsTeams togetherTeam positionsShared explorationLock speedFull tech treeHidden civsTurbo modeCheats
Victory
Defeat
🇲🇽 Khmer · Mexico
1015
+14
🇲🇽 Spanish · Mexico
977
+16
🇲🇽 Malians · Mexico
981
-15
🇮🇳 Malay · India
963
-15
Ali
17:28 Feudal Age
18:17 Man-at-Arms
20:29 Gold Mining
20:52 Double-Bit Axe
26:07 Castle Age
24:37 Forging
24:27 Scale Mail Armor
25:06 Stone Mining
26:06 Horse Collar
hardarak085
12:24 Feudal Age
10:41 Loom
13:41 Fishing Lines
14:21 Double-Bit Axe
19:25 Castle Age
19:29 Squires
22:35 Man-at-Arms
25:41 Long Swordsman
27:24 Padded Archer Armor
27:15 Fletching
30:51 Town Watch
PePe_ToÑo
6:30 Loom
14:37 Feudal Age
20:49 Castle Age
26:46 Padded Archer Armor
Spartano187
8:15 Loom
17:55 Feudal Age
21:35 Castle Age
20:55 Stone Mining
22:53 Gold Mining
25:08 Gold Shaft Mining
24:48 Double-Bit Axe
27:04 Stone Shaft Mining
31:25 Horse Collar
31:57 Bow Saw
34:00 Wheelbarrow
Connection lost

Rejoining the realm…

Still unreachable

The connection could not be restored.

Session expired

The server has moved on; the page needs a fresh start.